 Dungeon Crawl Stone Soup version 0.30-b1-2-g02819fbbbe (webtiles) character file.

Game seed: 9516667496494106355

782 decrepitude the Skirmisher (level 8, -6/56 HPs)
             Began as a Formicid Hunter on May 20, 2023.
             Was a Follower of Fedhas.
             Mangled by a water moccasin (10 damage)
             ... on level 5 of the Dungeon.
             The game lasted 00:06:37 (3924 turns).

decrepitude the Skirmisher (Formicid Hunter)        Turns: 3924, Time: 00:06:38

Health: -6/56      AC: -1    Str: 15    XL:     8   Next: 11%
Magic:  8/8        EV: 10    Int: 10    God:    Fedhas [*.....]
Gold:   240        SH:  0    Dex: 19    Spells: 7/7 levels left

rFire   + + .        a - +0 shortbow
rCold   + . .        q - +0 kite shield
rNeg    + . .        c - +0 leather armour
rPois   +            (helmet unavailable)
rElec   +            s - scarf {repulsion}
rCorr   +            (no gloves)
SInv    +            (no boots)
Will    .....        (no amulet)
Stlth   +            l - ring of protection from fire
HPRegen 0.29/turn    v - ring of positive energy
MPRegen 0.11/turn

%: repel missiles
@: confused, lethally poisoned (-6 -> -12), resistant, ambrosia-drunk, corroded
A: permanent stasis, dig shafts and tunnels, antennae 3, four strong arms
a: Dig, Shaft Self, Renounce Religion


You were on level 5 of the Dungeon.
You worshipped Fedhas.
Fedhas was aware of your devotion.
You visited 1 branch of the dungeon, and saw 6 of its levels.

You collected 240 gold pieces.

Inventory:

Hand Weapons
 a - a +0 shortbow (weapon)
Missiles
 r - 8 poisoned darts
Armour
 c - a +0 leather armour (worn)
 q - a +0 kite shield (worn)
 s - a scarf of repulsion (worn)
Jewellery
 l - a ring of protection from fire (left hand)
 v - a ring of positive energy (right hand)
Wands
 o - a wand of paralysis (4)
 u - a wand of digging (6)
Scrolls
 b - 5 scrolls of immolation
 d - 2 scrolls of blinking
 f - a scroll of fog {unknown}
 g - a scroll of silence {unknown}
 h - a scroll of poison {unknown}
 i - a scroll of enchant armour {unknown}
 k - a scroll of teleportation {unknown}
 m - 2 scrolls of noise {unknown}
 n - 2 scrolls of amnesia
Potions
 j - 2 potions of lignification
 t - a potion of mutation


   Skills:
 - Level 2.1 Fighting
 + Level 9.0 Ranged Weapons
 - Level 1.7 Dodging
 - Level 1.2 Stealth
 - Level 3.0 Evocations


You had 7 spell levels left.
You didn't know any spells.
Your spell library contained the following spells:

 Spells                   Type           Power      Damage    Failure   Level
 Apportation              Tloc           0%         N/A       86%         1
 Magic Dart               Conj           0%         1d3       86%         1
 Necrotise                Necr           0%         1d4       86%         1
 Summon Small Mammal      Summ           0%         N/A       86%         1
 Ensorcelled Hibernation  Hex/Ice        0%         N/A       95%         2
 Searing Ray              Conj           0%         2d4       95%         2
 Spider Form              Tmut/Pois      0%         N/A       99%         3
 Anguish                  Hex/Necr       0%         N/A       100%        4
 Fulminant Prism          Conj/Hex       0%         3d5       100%        4
 Passage of Golubria      Tloc           0%         N/A       100%        4
 Silence                  Hex/Air        0%         N/A       100%        5
 Lehudib's Crystal Spear  Conj/Erth      0%         10d2      100%        8


Dungeon Overview and Level Annotations

Branches:
Dungeon (6/15) Zot: 26986  Temple (0/1) D:5

Altars:
Cheibriados
Fedhas
Hepliaklqana
Nemelex Xobeh
Sif Muna
The Shining One

Shops:
D:4 [


Innate Abilities, Weirdness & Mutations

You cannot be hasted, slowed, berserked, paralysed or teleported.
You can dig through walls and to a lower floor.
You have a pair of large antennae on your head. (SInv)
Your four strong arms can wield two-handed weapons with a shield.


Message History

Unknown command.
The jelly attacks as you move away! The jelly barely misses you.
The water moccasin attacks as you move away!
The water moccasin bites you!
* * * LOW HITPOINT WARNING * * *
You feel sick. The water moccasin bites you.
* * * LOW HITPOINT WARNING * * *
You are lethally poisoned!
The water moccasin poisons you!
You take 13 damage, and have 13/56 hp.
NOW THAT'S A LOTTA DAMAGE!!
Unknown command.
* * * LOW HITPOINT WARNING * * *
You feel very sick.
You take 4 damage, and have 9/56 hp.
Unknown command.
Unknown command.
Unknown command.
It was a potion of resistance.
You feel protected.
* * * LOW HITPOINT WARNING * * *
You feel very sick. The water moccasin bites you.
* * * LOW HITPOINT WARNING * * *
You take 8 damage, and have 1/56 hp.
It was a potion of heal wounds.
You feel much better.
You feel sick. The water moccasin bites you.
* * * LOW HITPOINT WARNING * * *
You block the water moccasin's attack. The jelly hits you.
* * * LOW HITPOINT WARNING * * *
The acid corrodes you!
You are splashed with acid.
You resist.
* * * LOW HITPOINT WARNING * * *
You regained 2 hp, and now have 3/56 hp.
Okay, then.
You are confused.
You feel invigorated.
* * * LOW HITPOINT WARNING * * *
You feel very sick. The water moccasin bites you!
You die...
Fedhas appreciates your contribution to the ecosystem.

...........................##
............................##
.............................#
........................<....#
............#######..........#
....#.###..).)........[......#
.##........#..#####..........#
.##........##.###J>.........##
.##.............@S#..........#
.########..##.#####).........#
## #####...........)........#
## #......)....>............#
⌠#####.###...................#
.#...#.# #.........#........##
...8...# #.........##......##
.#...### #.........#########
⌠##### #.........#


You could see a water moccasin and a jelly.

Vanquished Creatures
  Sigmund (D:3)
  An ogre (D:5)
  A gnoll sergeant (D:5)
  A scorpion (D:5)
  2 hounds
  A jelly (D:5)
  Terence (D:3)
  3 iguanas
  8 gnolls
  3 adders
  A white imp (D:4)
  An ufetubus (D:5)
  A worm (D:2)
  3 orcs
  9 endoplasms
  3 giant cockroaches
  6 hobgoblins
  4 jackals (D:2)
  8 kobolds
  3 quokkas
  8 ball pythons
  3 bats
  A frilled lizard (D:2)
  5 goblins
  A goblin skeleton (D:4)
  3 goblin zombies (D:4)
  2 hobgoblin zombies (D:4)
  2 kobold skeletons (D:4)
  A kobold zombie (D:4)
  An orc skeleton (D:4)
  8 rats
96 creatures vanquished.

Notes
Turn   | Place    | Note
-------+----------+-------------------------------------------
     0 | D:1      | decrepitude the Formicid Hunter began the quest for the
                  | Orb.
     0 | D:1      | Reached XP level 1. HP: 16/16 MP: 1/1
   110 | D:1      | Reached XP level 2. HP: 22/22 MP: 2/2
   399 | D:1      | Reached XP level 3. HP: 27/27 MP: 3/3
   481 | D:2      | Reached skill level 5 in Ranged Weapons
   755 | D:2      | Reached XP level 4. HP: 33/33 MP: 4/4
  1003 | D:3      | Noticed Terence
  1045 | D:3      | Killed Terence
  1234 | D:2      | Reached skill level 6 in Ranged Weapons
  1234 | D:2      | Reached XP level 5. HP: 11/38 MP: 5/5
  1424 | D:3      | Noticed Sigmund
  1440 | D:3      | Killed Sigmund
  1441 | D:3      | Reached skill level 7 in Ranged Weapons
  1441 | D:3      | Reached XP level 6. HP: 27/44 MP: 6/6
  1735 | D:3      | Found a faded altar of an unknown god.
  1735 | D:3      | Found a snail-covered altar of Cheibriados.
  1742 | D:3      | Found a hazy altar of Hepliaklqana.
  1744 | D:3      | Found a faded altar of an unknown god.
  1747 | D:3      | Found a blossoming altar of Fedhas.
  1750 | D:3      | Became a worshipper of Fedhas Madash
  1980 | D:4      | Found a glowing golden altar of the Shining One.
  1996 | D:4      | Reached XP level 7. HP: 50/50 MP: 7/7
  2075 | D:4      | Found Moseida's Antique Armour Shoppe.
  2160 | D:4      | Found a shimmering blue altar of Sif Muna.
  2689 | D:5      | Entered Level 5 of the Dungeon
  2696 | D:4      | Reached * piety under Fedhas
  2697 | D:4      | Reached skill level 1 in Evocations
  2847 | D:5      | Found a staircase to the Ecumenical Temple.
  2964 | D:5      | Found a sparkling altar of Nemelex Xobeh.
  3062 | D:5      | Reached skill level 8 in Ranged Weapons
  3582 | D:5      | Reached XP level 8. HP: 56/56 MP: 8/8
  3829 | D:5      | Reached skill level 9 in Ranged Weapons
  3922 | D:5      | HP: 1/56 [water moccasin (5)]
  3924 | D:5      | Mangled by a water moccasin

Illustrated notes

Levels and vault maps discovered:
D:1:      scummos_arrival_forest, layout_rooms
D:2:      layout_rooms
D:3:      layout_rooms, chequers_temple_overflow_minitemple, uniq_sigmund,
          uniq_terence
D:4:      layout_basic, nicolae_tso_besieged_by_evil, amcnicky_altar_gilded,
          serial_shops, shop_fountains
D:5:      layout_rooms, nemelex_altar_shiori, minmay_temple_entry_antechambers
D:6:      layout_rooms, makhleb_altar_promises_db, serial_shops, shop,
          minmay_manual_moon

Skill      XL: |  1  2  3  4  5  6  7  8 |
---------------+-------------------------+-----
Ranged Weapons | 5 6 7 8 9 |  9.0
Evocations     | 3 |  3.0
Fighting       | |  2.1
Dodging        | |  1.7
Stealth        | |  1.2

Action                     |  1- 3 |  4- 6 |  7- 9 || total
---------------------------+-------+-------+-------++-------
   Fire: Shortbow          |    84 |   131 |   124 ||   339
  Throw: Dart              |       |       |     9 ||     9
  Evoke: Wand              |       |     2 |     1 ||     3
    Use: Scroll            |     3 |       |     3 ||     6
         Potion            |       |       |     4 ||     4
 Armour: Leather armour    |     9 |    11 |     2 ||    22
         Skin              |       |       |     9 ||     9
  Dodge: Dodged            |    23 |    28 |    19 ||    70
  Block: Kite shield       |       |       |     2 ||     2
